 Dungeon Crawl Stone Soup version 0.27.1-34-g3ba077fa99 (webtiles) character file.

Game seed: 8053767962340106170

270 Descartes the Sneak (level 6, -2/26 HPs)
             Began as a Felid Warper on Jan 21, 2022.
             Was a Priest of Nemelex Xobeh.
             Slain by a black bear (6 damage)
             ... on level 5 of the Dungeon.
             The game lasted 00:06:41 (5917 turns).

Descartes the Sneak (Felid Warper)                  Turns: 5917, Time: 00:06:43

Health: -2/26      AC:  2    Str:  9    XL:     6   Next: 1%
Magic:  10/10      EV: 19    Int: 15    God:    Nemelex Xobeh [***...]
Gold:   169        SH:  0    Dex: 15    Spells: 7/9 levels left
                                        Lives:  0   Deaths: 1

rFire    . . .     SeeInvis +     - Unarmed
rCold    . . .     Faith    .   (shield unavailable)
rNeg     . . .     Spirit   .   (armour unavailable)
rPois    .         Reflect  .   (helmet unavailable)
rElec    .         Harm     .   (cloak unavailable)
rCorr    .         Rampage  .   (gloves unavailable)
Will     .....                  (boots unavailable)
Stlth    +++.......             (no amulet)
HPRegen  0.08/turn              (no ring)
MPRegen  0.12/turn              (no ring)

@: quick
A: very small, claws 1, fangs 3, see invisible, speed 1, shaggy fur 2, stealthy
paws, no weapons or thrown items, no armour, multi-lived
a: Renounce Religion, Draw Escape, Draw Destruction, Draw Summoning, Triple Draw


You were on level 5 of the Dungeon.
You worshipped Nemelex Xobeh.
Nemelex Xobeh was most pleased with you.
You visited 1 branch of the dungeon, and saw 5 of its levels.

You collected 169 gold pieces.

Inventory:

Missiles
 e - 70 stones
Jewellery
 j - a ring of fire
Wands
 h - a wand of charming (11)
Scrolls
 a - a scroll of blinking
 b - 3 scrolls of amnesia {unknown}
 c - a scroll of fog {unknown}
 d - 2 scrolls of teleportation {unknown}
 f - a scroll of fear {unknown}
 g - a scroll of summoning {unknown}
 i - a scroll of vulnerability {unknown}
 k - a scroll of magic mapping {unknown}
 l - a scroll of identify {unknown}
 o - a scroll of brand weapon {unknown}
Potions
 m - 3 potions of curing {unknown}
 n - a potion of lignification {unknown}


   Skills:
 - Level 2.0 Fighting
 - Level 5.0 Dodging
 - Level 5.0 Stealth
 + Level 4.9 Unarmed Combat
 - Level 2.0 Spellcasting
 - Level 4.4 Translocations


You had 7 spell levels left.
You knew the following spells:

 Your Spells              Type           Power      Damage    Failure   Level
a - Blink                 Tloc           N/A        N/A       5%          2

Your spell library contained the following spells:

 Spells                   Type           Power      Damage    Failure   Level
 Gell's Gravitas          Tloc           7%         N/A       11%         3
 Lesser Beckoning         Tloc           7%         N/A       11%         3
 Teleport Other           Tloc           14%        N/A       11%         3
 Animate Skeleton         Necr           2%         N/A       22%         1
 Pain                     Necr           4%         1d4       22%         1
 Shock                    Conj/Air       4%         1d3       22%         1
 Ozocubu's Armour         Ice            1%         N/A       54%         3
 Swiftness                Air            1%         N/A       54%         3
 Vampiric Draining        Necr           0%         2d6       54%         3
 Manifold Assault         Tloc           14%        N/A       71%         5
 Airstrike                Air            0%         N/A       91%         4
 Metabolic Englaciation   Hex/Ice        0%         N/A       99%         5
 Simulacrum               Ice/Necr       0%         N/A       100%        6


Dungeon Overview and Level Annotations

Branches:
Dungeon (5/15)
 Temple: D:4-7

Altars:
Nemelex Xobeh

Shops:
D:3 ?


Innate Abilities, Weirdness & Mutations

You have sharp claws.
You have razor-sharp teeth.
You have supernaturally acute eyesight. (SInv)
You cover ground quickly. (Speed+)
You are covered in thick fur. (AC +2)
Your paws help you pounce on unaware monsters.
You are incapable of wielding weapons or throwing items.
You cannot wear armour.
You gain extra lives every three experience levels.


Message History

Increase (S)trength, (I)ntelligence, or (D)exterity?
You feel stronger.
Your fur grows into a thick mane.
A black bear comes into view.
An orc priest comes into view. It is wielding a +0 mace.
Found a stone staircase leading down and a stone staircase leading up.
You closely miss the black bear. The black bear bites you.
The black bear closely misses you. The black bear claws you.
You scratch the black bear.
The black bear is lightly wounded.
The black bear bites you. The black bear claws you.
The black bear barely misses you.
You are too injured to fight recklessly!
You are too injured to fight recklessly!
You are too injured to fight recklessly!
You are too injured to fight recklessly!
You are too injured to fight recklessly!
You are too injured to fight recklessly!
You are too injured to fight recklessly!
You are too injured to fight recklessly!
You are too injured to fight recklessly!
You are too injured to fight recklessly!
You are too injured to fight recklessly!
You draw a card...
You have drawn Vitriol.
Press: ? - help, Shift-Dir - straight line, f - black bear
Aim: a black bear (lightly wounded)
The glob of acid hits the black bear!
The black bear is splashed with acid.
The acid corrodes the black bear!
The black bear is severely wounded.
The black bear goes berserk!
The black bear closely misses you. The black bear claws you. x2
You scratch the black bear.
The black bear is almost dead.
The black bear barely misses you. x2; The black bear closely misses you.
The black bear bites you.
* * * LOW HITPOINT WARNING * * *
The black bear claws you.
You die...
Your body glows slightly and disappears.

###.##.....
#.....><... #.# #.#
# #.# .# #.##.#
#.#..# . #h.#.##..
###@........
#......#.#..
#.##.....#.##
#.......#...#
####.###.<..###..
#....# #....## #.# #
#..###.....# .#
#.#.....>#.#....
#.###.#..#.###.#^.##


You could see a black bear (berserk, corroded).

Vanquished Creatures
  A black bear (D:3)
  An iguana (D:5)
  Natasha (twice) (D:4)
  A hound skeleton (D:5)
  A river rat (D:5)
  An ufetubus (D:4)
  A worm (D:2)
  2 dart slugs
  An orc (D:3)
  2 endoplasms
  2 giant cockroaches (D:3)
  11 goblins
  5 hobgoblins
  4 quokkas
  4 ball pythons
  7 bats
  5 frilled lizards
  7 kobolds
  6 rats
64 creatures vanquished.

Vanquished Creatures (collateral kills)
  A necrophage (D:5)
  A phantom (D:5)
2 creatures vanquished.

Grand Total: 66 creatures vanquished

Notes
Turn   | Place    | Note
-------+----------+-------------------------------------------
     0 | D:1      | Descartes the Felid Warper began the quest for the Orb.
     0 | D:1      | Reached XP level 1. HP: 9/9 MP: 4/4
    29 | D:1      | Reached skill level 1 in Stealth
   317 | D:1      | Reached XP level 2. HP: 10/13 MP: 6/6
  1740 | D:2      | Learned a level 2 spell: Blink
  2051 | D:2      | Reached XP level 3. HP: 16/16 MP: 7/7
  2168 | D:2      | Found a faded altar of an unknown god.
  2184 | D:2      | Became a worshipper of Nemelex Xobeh the Trickster
  2184 | D:2      | Reached * piety under Nemelex Xobeh
  2196 | D:2      | Received a gift from Nemelex Xobeh
  2883 | D:2      | Reached ** piety under Nemelex Xobeh
  3517 | D:3      | Noticed a black bear
  3549 | D:3      | Found Maruwna's Magic Scroll Emporium.
  3746 | D:3      | Killed a black bear
  3747 | D:3      | Reached XP level 4. HP: 19/19 MP: 8/8
  3747 | D:3      | Reached XP level 5. HP: 22/22 MP: 9/9
  4688 | D:4      | Noticed Natasha
  4702 | D:4      | HP: 1/22 [Natasha/magic dart (9)]
  4704 | D:4      | Slain by Natasha
  4705 | D:4      | Reached XP level 4. HP: -1/19 MP: 8/8
  4713 | D:4      | Killed Natasha
  4714 | D:4      | Reached skill level 5 in Stealth
  4726 | D:4      | Noticed Natasha
  4736 | D:4      | Killed Natasha
  4953 | D:4      | Reached skill level 5 in Dodging
  4953 | D:4      | Reached *** piety under Nemelex Xobeh
  5084 | D:4      | Received a gift from Nemelex Xobeh
  5100 | D:5      | Entered Level 5 of the Dungeon
  5167 | D:5      | Noticed a scorpion
  5185 | D:5      | a scorpion changed into a rat
  5191 | D:5      | Reached XP level 5. HP: 8/22 MP: 7/9
  5571 | D:5      | Noticed a necrophage
  5593 | D:5      | Noticed a phantom
  5595 | D:5      | Killed a necrophage
  5635 | D:5      | Killed a phantom
  5895 | D:5      | Gained mutation: You are covered in thick fur. (AC +2)
                  | [Felid growth]
  5895 | D:5      | Reached XP level 6. HP: 26/26 MP: 10/10
  5917 | D:5      | Slain by a black bear

Illustrated notes

Levels and vault maps discovered:
D:1:      dpeg_arrival_simpleton_b, layout_basic, chequers_serial_rivers_large_a
D:2:      layout_basic, ebering_ecumenical_altar_sacrificial
D:3:      layout_loops_corners, serial_shops, shop, minmay_crystal_water
D:4:      layout_gridville, uniq_natasha
D:5:      layout_loops_ring, pdpol_temple_overflow_zin_treasury_gozag_greed,
          gammafunk_ghost_smash, uniq_ijyb

Skill      XL: |  1  2  3  4  5 |
---------------+----------------+-----
Stealth        | 2 3 4 5 |  5.0
Dodging        | 4 5 |  5.0
Unarmed Combat | 3 4 |  4.9
Fighting       | |  2.0
Spellcasting   | |  2.0
Translocations | |  4.4

Action                   |  1- 3 |  4- 6 || total
-------------------------+-------+-------++-------
Melee: Unarmed           |   172 |    67 ||   239
       Bite              |    16 |     6 ||    22
       Punch             |       |     1 ||     1
 Cast: Blink             |       |     2 ||     2
Invok: Draw Destruction  |     1 |     4 ||     5
       Draw Escape       |       |     1 ||     1
       Draw Summoning    |       |     2 ||     2
 Stab: Sleeping          |     5 |     3 ||     8
       Distracted        |     1 |       ||     1
Armor: Skin              |     5 |     1 ||     6
Dodge: Dodged            |   134 |    44 ||   178
